 Dungeon Crawl Stone Soup version 0.17.1-3-g152610e (webtiles) character file.

42 juanjsm the Stinger (level 3, -1/16 HPs)
             Began as a Spriggan Venom Mage on Apr 9, 2016.
             Slain by a jelly (3 damage)
             ... on level 2 of the Dungeon.
             The game lasted 00:08:41 (1347 turns).

juanjsm the Stinger (Spriggan Venom Mage)           Turns: 1347, Time: 00:08:42

Health: -1/16      AC:  3    Str:  9    XL:     3   Next: 33%
Magic:  1/8        EV: 19    Int: 17    God:
Gold:   83         SH:  0    Dex: 16    Spells: 2 memorised, 4 levels left

rFire  . . .     SeeInvis +     d - +0 dagger
rCold  . . .     Clarity  .     a - +0 robe
rNeg   . . .     SustAt   .     (shield restricted)
rPois  .         Gourm    .     (helmet restricted)
rElec  .         Spirit   .     j - +0 cloak
rCorr  .         Warding  .     (gloves unavailable)
rMut   .         Stasis   .     (boots unavailable)
MR     .....                    (no amulet)
Stlth  +++.......               (no ring)
                                q - +1 ring of slaying

@: mighty, very slightly contaminated, invisible, very quick, not resistant to
hostile enchantments, fairly stealthy
A: unfitting armour, see invisible, herbivore 3, speed 3, slow metabolism 2
a: no special abilities


You were on level 2 of the Dungeon.
You were not hungry.

You visited 1 branch of the dungeon, and saw 2 of its levels.

You collected 83 gold pieces.

Inventory:

Hand Weapons
 d - a +0 dagger (weapon)
Armour
 a - a +0 robe (worn)
 j - a +0 cloak (worn)
Jewellery
 q - a +1 ring of slaying (left hand)
Scrolls
 f - a scroll of amnesia {unknown}
 g - 2 scrolls of remove curse {unknown}
 l - a scroll of immolation {unknown}
 m - a scroll of teleportation {unknown}
 r - a scroll of magic mapping {unknown}
 s - a scroll of identify {unknown}
 t - a scroll of random uselessness {unknown}
Potions
 e - 2 potions of invisibility
 i - a potion of curing {unknown}
 k - a potion of haste {unknown}
 n - a potion of flight {unknown}
 o - a potion of poison {unknown}
Books
 b - a Young Poisoner's Handbook

   Spells                             Type                      Level
   a - Sting                          Conjuration/Poison           1
   b - Cure Poison                    Poison                       2
   c - Mephitic Cloud                 Conjuration/Poison/Air       3
   d - Olgreb's Toxic Radiance        Poison                       4
   e - Venom Bolt                     Conjuration/Poison           5
Comestibles
 c - a bread ration
 p - a slice of pizza


   Skills:
 + Level 3.8 Dodging
 + Level 3.4 Stealth
 + Level 2.8 Spellcasting
 + Level 0.4 Conjurations
 + Level 4.5 Poison Magic


You had 4 spell levels left.
You knew the following spells:

 Your Spells              Type           Power        Failure   Level  Hunger
a - Sting                 Conj/Pois      ##..         10%         1    #......
b - Cure Poison           Pois           ###.......   4%          2    ##.....


Dungeon Overview and Level Annotations

Branches:
Dungeon (2/15)

Altars:
Nemelex Xobeh
Xom
Zin

Annotations:
D:2 Natasha, Robin


Innate Abilities, Weirdness & Mutations

You are tiny and cannot use many weapons and most armour.
You have supernaturally acute eyesight.
You are a herbivore.
You cover ground extremely quickly.
You need consume almost no food.


Message History

The jelly hits you but does no damage.
You hit the jelly.
Your hands burn!
* * * LOW HITPOINT WARNING * * *
The jelly is lightly wounded.
The goblin hits you with a club.
* * * LOW HITPOINT WARNING * * *
The jelly barely misses you.
Drink which item? (? for menu, Esc to quit)
It was a potion of invisibility.
You fade into invisibility!
The goblin closely misses you. The jelly closely misses you.
You are very lightly contaminated with residual magic.
Drink which item? (? for menu, Esc to quit)
It was a potion of might.
You feel very mighty all of a sudden. The goblin misses you.
The jelly closely misses you.
You closely miss the goblin. The jelly closely misses you.
The goblin misses you.
You barely miss the goblin. The jelly hits you.
You die...

######.# #.#
#.........#
...###.# #.#
##'##'##+##
.......# #.#
#†##.##J##
##.##### #.#
#'##'##+## #.#
#.# #.......#
#.# #.#
##..._...## #.#
#.# ###.....##.
#.# #J#
########## #.#
#@# ...#### #.#
#g# ...? #g#
.#.!.#
####g#####.#.###
#..ggg..#
####.##g##.#
........# #
####.##)# # ...


You could see a jelly, Robin, a hobgoblin and 5 goblins.

Vanquished Creatures
  An adder (D:2)
  A giant gecko (D:2)
  4 bats
  2 giant cockroaches
  7 goblins
  3 hobgoblins (D:1)
  5 kobolds
  A sheep (D:2)
  2 giant newts
  A quokka (D:2)
  5 rats (D:1)
32 creatures vanquished.

Notes
Turn   | Place    | Note
--------------------------------------------------------------
     0 | D:1      | juanjsm the Spriggan Venom Mage began the quest for the Orb.
     0 | D:1      | Reached XP level 1. HP: 9/9 MP: 5/5
    72 | D:1      | Found a sparkling altar of Nemelex Xobeh.
    72 | D:1      | Found a glowing silver altar of Zin.
   284 | D:1      | Reached XP level 2. HP: 13/13 MP: 0/6
   288 | D:1      | Learned a level 2 spell: Cure Poison
  1126 | D:2      | Found a shimmering altar of Xom.
  1318 | D:2      | Noticed Robin
  1321 | D:2      | Reached XP level 3. HP: 16/16 MP: 5/8
  1341 | D:2      | Noticed Natasha
  1347 | D:2      | Slain by a jelly

Action                   || total
-------------------------++-------
Melee: Dagger            ||    47
       Unarmed           ||     1
 Cast: Sting             ||    39
       Cure Poison       ||     1
  Use: Potion            ||     2
 Stab: Sleeping          ||     5
